 Dungeon Crawl Stone Soup version 0.21.1 (webtiles) character file.

22585 letownia2 the Warrior (level 13, 0/115 HPs)
             Began as a Formicid Artificer on Feb 2, 2018.
             Was an Initiate of Gozag.
             Slain by a two-headed ogre
             ... wielding a +0 giant spiked club
              (5 damage)
             ... on level 13 of the Dungeon.
             The game lasted 00:36:18 (17729 turns).

letownia2 the Warrior (Formicid Artificer)         Turns: 17729, Time: 00:36:18

Health: 0/115      AC:  9    Str: 22    XL:     13   Next: 28%
Magic:  20/20      EV: 11    Int: 17    God:    Gozag
Gold:   1360       SH:  4    Dex: 11    Spells: 14/22 levels left

rFire    . . .     SeeInvis +     - Unarmed
rCold    . . .     Gourm    .   j - +0 buckler
rNeg     + . .     Faith    .   N - +0 scale mail "Liugem" {Str+3} (curse)
rPois    .         Spirit   .   (helmet unavailable)
rElec    .         Reflect  .   R - scarf {repulsion}
rCorr    .         Harm     .   J - +0 pair of gloves {Str+3}
MR       ++...                  (no boots)
Stlth    ..........             (no amulet)
HPRegen  0.29/turn              G - ring of positive energy
MPRegen  0.17/turn              o - ring of protection from magic

@: repel missiles
A: permanent stasis, dig shafts and tunnels, four strong arms, antennae 3
a: Dig, Shaft Self, Potion Petition, Call Merchant, Bribe Branch, Renounce
Religion


You were on level 13 of the Dungeon.
You worshipped Gozag.
Gozag was most pleased with you.
You were hungry.

You visited 3 branches of the dungeon, and saw 17 of its levels.
You also visited: Ossuary.

You collected 4057 gold pieces.
You spent 234 gold pieces at shops.
You paid 2463 gold pieces to Gozag.

Inventory:

Hand Weapons
 y - the +10 zealot's sword {holy, *Rage rN+ EV+3}
   (You took it off a centaur on level 5 of the Dungeon)

   It has been blessed by the Shining One to cause great damage to the undead
   and demons.
   It affects your evasion (+3).
   It protects you from negative energy.
   It may make you go berserk in combat.
 U - a +0 blowgun
Missiles
 b - 104 bolts
 P - 3 javelins (quivered)
 V - 7 curare-tipped needles
Armour
 j - a +0 buckler (worn)
 D - a +0 scale mail
 F - a +0 large shield
 J - a +0 pair of gloves of strength (worn)
 N - the cursed +0 scale mail "Liugem" (worn) {Str+3}
   (You bought it in a shop on level 12 of the Dungeon)

   It affects your strength (+3).
   It has a curse placed upon it.
 R - a scarf of repulsion (worn)
 Y - a scarf of cloud immunity
Magical Staves
 T - an uncursed staff of death
Jewellery
 g - an uncursed ring of ice
 o - a ring of protection from magic (right hand)
 C - an uncursed ring of protection from cold
 G - a ring of positive energy (left hand)
 Z - a +6 ring of intelligence
Wands
 c - a wand of flame (2)
 d - a wand of enslavement (14)
 e - a wand of paralysis (2)
 E - a wand of acid (3)
 W - a wand of polymorph (6)
Scrolls
 i - 5 scrolls of identify
 k - 2 scrolls of fear
 m - 5 scrolls of remove curse
 n - 3 scrolls of enchant armour
 q - a scroll of vulnerability {unknown}
 r - 2 scrolls of magic mapping
 s - 4 scrolls of blinking {unknown}
 u - a scroll of enchant weapon {unknown}
 w - a scroll of amnesia
 B - 3 scrolls of immolation {unknown}
 H - 3 scrolls of noise {unknown}
 O - a scroll of torment {unknown}
 S - 3 scrolls of holy word {unknown}
Potions
 a - 2 potions of flight
 l - a potion of heal wounds
 p - 6 potions of curing {unknown}
 t - 4 potions of ambrosia
 x - 5 potions of might
 z - a potion of resistance
 A - 3 potions of lignification
 I - a potion of brilliance
 K - 3 potions of agility
 L - 2 potions of cancellation
 M - a potion of magic
 Q - a potion of mutation
Comestibles
 f - 19 rations


   Skills:
 - Level 15.1 Fighting
   Level 1.0 Short Blades
 - Level 7.4 Armour
 - Level 3.7 Dodging
 - Level 1.2 Stealth
 - Level 4.3 Shields
 + Level 10.3 Unarmed Combat
 - Level 5.1 Spellcasting
 - Level 3.1 Conjurations
 - Level 3.2 Hexes
 - Level 3.0 Fire Magic
 - Level 4.3 Evocations


You had 14 spell levels left.
You knew the following spells:

 Your Spells              Type           Power        Failure   Level  Hunger
a - Confusing Touch       Hex            ###...       9%          1    None
c - Conjure Flame         Conj/Fire      ##......     28%         3    ###....
d - Flame Tongue          Conj/Fire      ##...        10%         1    None
x - Inner Flame           Hex/Fire       ###.....     26%         3    ###....


Dungeon Overview and Level Annotations

Branches:
Dungeon (14/15)            Temple (1/1) D:5            Lair (0/6) D:11
    Orc (2/2) D:12            Elf (0/3) Orc:2
 Vaults: D:13-14

Altars:
Ashenzari
Cheibriados
Dithmenos
Elyvilon
Fedhas
Gozag
Hepliaklqana
Kikubaaqudgha
Makhleb
Nemelex Xobeh
Okawaru
Qazlal
Ru
Sif Muna
Trog
Uskayaw
Vehumet
Wu Jian
Xom
Yredelemnul
Zin
The Shining One
Beogh

Shops:
D:4 ?   D:8 *   D:12 }[*   Orc:1 (   Orc:2 :%=(*

Annotations:
D:11 exclusion: 3 oklob plants


Innate Abilities, Weirdness & Mutations

You cannot be hasted, slowed, berserked, paralysed or teleported.
You can dig through walls and to a lower floor.
Your four strong arms can wield two-handed weapons with a shield.
You have a pair of large antennae on your head. (SInv)


Message History

The two-headed ogre hits you with a giant club.
* * * LOW HITPOINT WARNING * * *
You punch the two-headed ogre!
The two-headed ogre is almost dead.
Unknown command.
Unknown command.
Unknown command.
You hit the two-headed ogre but do no damage.
The two-headed ogre is almost dead.
The two-headed ogre barely misses you. The two-headed ogre closely misses you.
Unknown command.
You hit the two-headed ogre.
The two-headed ogre is almost dead.
Unknown command.
You hit the two-headed ogre.
The two-headed ogre is almost dead.
You block the two-headed ogre's attack.
The two-headed ogre hits you with a giant club.
You die...
Your body crumbles into a pile of gold.

......#....# #...#.....#..#..#
......#....# #...#.....#..'..#
......#....######...#######..#...
......#......................##..
......#.######.....#####......#..
##....#.#....###'###...#......#..
.###..#.#..............#......#..
...#..#.#..............#......#..
...#..#.#.......@......####...#..
...#..#.#.......O.........#...#..
...#..#.#.....:......######...#..
...#..#.#............#........#..
.###..#.###########'##........#..
.#....'.......................'..
##....#.......................#..
......#....................####..
......#....................#.....


You could see a two-headed ogre.

Vanquished Creatures
  The ghost of Miyamura the Covert, a journeyman OpTm of Ashenzari (D:10)
  5 two-headed ogres
  3 orc high priests (Orc:2)
  An unseen horror (D:10)
  4 orc knights
  3 orc sorcerers (Orc:2)
  A manticore (D:12)
  2 cyclopes
  Maurice (D:8)
  3 trolls
  7 slime creatures
  A meliai zombie (D:12)
  5 hippogriffs
  9 yaks
  2 hungry ghosts
  Menkaure (D:5)
  2 wargs
  A soldier ant (D:11)
  A swamp worm (Orc:2)
  4 ice beasts
  6 sky beasts
  18 orc warriors
  A phantom (D:7)
  A necrophage (D:13)
  7 ogres
  3 centaurs
  3 elf zombies (Ossuary)
  10 bullfrogs
  5 scorpions
  9 wights
  3 vampire bats (D:3)
  2 howler monkeys
  2 bullfrog zombies
  8 crimson imps
  A human zombie (Ossuary)
  7 orc priests
  6 bullfrog skeletons
  A centaur zombie (Ossuary)
  6 jellies
  6 hounds
  A centaur skeleton (D:6)
  17 orc wizards
  Ijyb (D:4)
  6 iguanas
  8 worker ants
  A big kobold zombie (Ossuary)
  A hound zombie (D:9)
  2 mummies (Ossuary)
  A worker ant zombie (D:7)
  6 gnolls
  4 adders
  3 shadow imps
  6 oozes
  An adder zombie (D:7)
  4 adder skeletons
  3 worms
  2 leopard geckos (D:1)
  46 orcs
  11 bats
  4 bat skeletons (D:3)
  3 bat zombies (D:3)
  3 giant cockroaches
  15 goblins
  2 hobgoblins (D:1)
  10 jackals
  3 quokkas
  3 ball pythons
  10 frilled lizards
  12 hobgoblin zombies (Ossuary)
  2 jackal skeletons (D:8)
  A jackal zombie (Ossuary)
  8 kobolds
  7 kobold zombies (Ossuary)
  10 orc zombies (Ossuary)
  A quokka zombie (D:6)
  5 rats
  A rat zombie (Ossuary)
386 creatures vanquished.

Vanquished Creatures (collateral kills)
  An adder (D:12)
1 creature vanquished.

Vanquished Creatures (others)
  An ugly thing (D:12)
  An orc warrior (D:10)
  An orc (D:10)
3 creatures vanquished.

Grand Total: 390 creatures vanquished

Notes
Turn   | Place    | Note
-------+----------+-------------------------------------------
     0 | D:1      | letownia2 the Formicid Artificer began the quest for the Orb.
     0 | D:1      | Reached XP level 1. HP: 15/15 MP: 3/3
    97 | D:1      | Reached skill level 2 in Fighting
    97 | D:1      | Reached XP level 2. HP: 4/22 MP: 4/4
   744 | D:2      | Reached skill level 3 in Fighting
   744 | D:2      | Reached XP level 3. HP: 18/29 MP: 5/5
  1141 | D:3      | Reached skill level 4 in Fighting
  1141 | D:3      | Reached XP level 4. HP: 25/37 MP: 6/6
  1394 | D:4      | Reached skill level 1 in Shields
  1476 | D:4      | Reached XP level 5. HP: 19/42 MP: 7/7
  1512 | D:4      | Found Nouwkioxa's Magic Scroll Boutique.
  1674 | D:4      | Noticed an ogre
  1718 | D:4      | Killed an ogre
  1718 | D:4      | Reached XP level 6. HP: 28/48 MP: 8/8
  2063 | D:4      | Reached skill level 1 in Armour
  2087 | D:4      | Noticed Ijyb
  2103 | D:4      | Killed Ijyb
  2485 | D:4      | Reached skill level 5 in Fighting
  2547 | D:4      | Reached XP level 7. HP: 38/56 MP: 9/9
  2663 | D:5      | Entered Level 5 of the Dungeon
  2663 | D:5      | Noticed Menkaure
  2670 | D:5      | Killed Menkaure
  3166 | D:5      | Reached skill level 6 in Fighting
  3308 | D:5      | Reached skill level 7 in Fighting
  3308 | D:5      | Reached XP level 8. HP: 11/67 MP: 10/10
  3583 | D:5      | Found a staircase to the Ecumenical Temple.
  3589 | Temple   | Entered the Ecumenical Temple
  4350 | D:2      | Reached skill level 8 in Fighting
  5313 | D:3      | Found an ancient bone altar of Kikubaaqudgha.
  5906 | D:6      | Reached skill level 9 in Fighting
  5991 | D:6      | Found an opulent altar of Gozag.
  6001 | D:6      | Became a worshipper of Gozag Ym Sagoz the Greedy
  6012 | D:6      | Found a radiant altar of Vehumet.
  7091 | D:6      | Reached XP level 9. HP: 76/78 MP: 11/11
  7237 | D:6      | Found a sacrificial altar of Ru.
  7242 | D:6      | Reached skill level 10 in Fighting
  7246 | D:6      | Found a burning altar of Makhleb.
  7324 | D:6      | Learned a level 1 spell: Confusing Touch
  7853 | D:7      | Reached skill level 11 in Fighting
  8253 | D:7      | Found a shattered altar of Ashenzari.
  8297 | D:8      | Noticed Maurice
  8323 | D:8      | Found an opulent altar of Gozag.
  8323 | D:8      | Found a hide-covered altar of Uskayaw.
  8324 | D:8      | Found a bloodstained altar of Trog.
  8373 | D:8      | Found a sand-covered staircase.
  8383 | D:8      | Reached skill level 12 in Fighting
  8398 | D:8      | Found Haische Ekuo's Assorted Antiques.
  8416 | D:8      | Bought a scroll labeled YNACROFIWI for 24 gold pieces
  8416 | D:8      | Bought a scroll labeled SAXIMY JEEXOBE for 24 gold pieces
  8547 | Ossuary  | Entered an ossuary
  8742 | Ossuary  | Reached XP level 10. HP: 84/90 MP: 12/12
  8997 | D:8      | Found a radiant altar of Vehumet.
  8997 | D:8      | Found a glowing golden altar of the Shining One.
  9026 | D:8      | Reached skill level 5 in Armour
  9047 | D:8      | Killed Maurice
  9491 | D:9      | Noticed a two-headed ogre
  9515 | D:9      | Killed a two-headed ogre
  9515 | D:9      | Reached skill level 13 in Fighting
  9566 | D:9      | Found an ornate altar of the Wu Jian Council.
  9813 | D:9      | Found a sacrificial altar of Ru.
  9988 | D:9      | Found a glowing silver altar of Zin.
 10124 | D:10     | Entered Level 10 of the Dungeon
 10165 | D:10     | Noticed Miyamura's ghost (journeyman OpTm)
 10175 | D:10     | Noticed an unseen horror
 10179 | D:10     | Killed Miyamura's ghost
 10179 | D:10     | Reached skill level 14 in Fighting
 10179 | D:10     | Reached XP level 11. HP: 44/101 MP: 13/13
 10188 | D:10     | Killed an unseen horror
 10392 | D:10     | Reached skill level 15 in Fighting
 10919 | D:11     | Noticed a cyclops
 10924 | D:11     | Killed a cyclops
 10924 | D:11     | Reached skill level 1 in Hexes
 10968 | D:11     | Reached skill level 1 in Unarmed Combat
 11054 | D:11     | Noticed an oklob plant
 11056 | D:11     | Noticed an oklob plant
 11285 | D:11     | Learned a level 1 spell: Flame Tongue
 11289 | D:11     | Learned a level 3 spell: Conjure Flame
 11293 | D:11     | Learned a level 3 spell: Inner Flame
 11506 | D:11     | Noticed an oklob plant
 11544 | D:11     | Found a staircase to the Lair.
 11596 | D:11     | Noticed a two-headed ogre
 11628 | D:11     | Killed a two-headed ogre
 11628 | D:11     | Reached skill level 1 in Spellcasting
 11628 | D:11     | Reached skill level 1 in Conjurations
 11628 | D:11     | Reached skill level 1 in Fire Magic
 11757 | D:12     | Noticed a brown ugly thing
 12201 | D:12     | Noticed a manticore
 12224 | D:12     | Reached XP level 12. HP: 94/109 MP: 13/15
 12775 | D:12     | Found a staircase to the Orcish Mines.
 13051 | D:13     | Found Binoidue's Gadget Boutique.
 13170 | D:13     | Noticed a two-headed ogre
 13181 | D:13     | Killed a two-headed ogre
 13362 | D:13     | Noticed a two-headed ogre
 13475 | D:13     | Reached skill level 5 in Unarmed Combat
 13857 | D:13     | Killed a two-headed ogre
 14052 | Orc:1    | Entered Level 1 of the Orcish Mines
 14529 | D:12     | Reached skill level 5 in Spellcasting
 14709 | Orc:1    | Noticed a two-headed ogre
 15260 | D:12     | Killed a two-headed ogre
 15920 | Orc:1    | Found Kuuqyv's Weapon Emporium.
 16359 | D:12     | Bought a dazzling scale mail for 144 gold pieces
 16359 | D:12     | Bought 2 glowing coppery potions for 28 gold pieces
 16374 | D:12     | Identified the cursed +0 scale mail "Liugem" {Str+3} (You bought it in a shop on level 12 of the Dungeon)
 16415 | D:12     | Bought a glowing coppery potion for 14 gold pieces
 16421 | Orc:2    | Entered Level 2 of the Orcish Mines
 16915 | Orc:2    | Found a roughly hewn altar of Beogh.
 16941 | Orc:2    | Found a staircase to the Elven Halls.
 16966 | Orc:2    | Noticed a soul eater
 17015 | Orc:2    | Found Gimedal's Book Shop.
 17232 | Orc:2    | Noticed an orc high priest
 17241 | Orc:2    | Reached XP level 13. HP: 115/115 MP: 20/20
 17576 | Orc:2    | Reached skill level 10 in Unarmed Combat
 17615 | Orc:2    | Found Qisaopp's Food Shoppe.
 17615 | Orc:2    | Found Hayset's Jewellery Boutique.
 17617 | Orc:2    | Found Usuni's Antique Weapon Shoppe.
 17617 | Orc:2    | Found Homi's General Store.
 17715 | D:14     | Noticed a centaur warrior
 17725 | D:13     | HP: 4/115 [two-headed ogre/giant spiked club (5)]
 17729 | D:13     | Slain by a two-headed ogre

Skill      XL: |  1  2  3  4  5  6  7  8  9 10 11 12 13 |
---------------+----------------------------------------+-----
Fighting       | 2 3 4 5 7 9 12 14 15 | 15.1
Shields        | 2 4 |  4.3
Armour         | 2 3 7 |  7.4
Dodging        | 3 |  3.7
Hexes          | 3 |  3.2
Unarmed Combat | 3 8 10 | 10.3
Spellcasting   | 2 5 |  5.1
Conjurations   | 1 3 |  3.1
Fire Magic     | 2 3 |  3.0
Evocations     | 4 |  4.3
Short Blades   | |  1.0
Stealth        | |  1.2

Action                   |  1- 3 |  4- 6 |  7- 9 | 10-12 | 13-15 || total
-------------------------+-------+-------+-------+-------+-------++-------
Melee: Short sword       |   110 |   144 |    20 |       |       ||   274
       Eudemon blade     |       |       |   272 |   481 |     9 ||   762
       Unarmed           |       |       |       |       |    62 ||    62
Throw: Javelin           |       |       |       |     6 |       ||     6
Invok: Call Merchant     |       |       |       |     3 |       ||     3
       Potion Petition   |       |       |       |       |     2 ||     2
 Abil: Dig               |       |     2 |     3 |     9 |       ||    14
Evoke: Wand              |     2 |    15 |    18 |    24 |       ||    59
  Use: Scroll            |       |       |     8 |    12 |       ||    20
       Potion            |       |       |       |     1 |     2 ||     3
 Stab: Distracted        |       |       |       |     3 |       ||     3
       Paralysed         |       |       |       |     7 |       ||     7
  Eat: Chunk             |       |     6 |    10 |       |       ||    16
       Ration            |       |       |     4 |     8 |       ||    12
Armor: Leather armour    |    28 |       |       |       |       ||    28
       Ring mail         |       |    45 |     8 |    30 |       ||    83
       Scale mail        |       |       |    80 |    56 |     2 ||   138
       Chain mail        |       |       |       |    58 |       ||    58
       Skin              |       |       |       |     6 |    16 ||    22
Dodge: Dodged            |    60 |    67 |   170 |   299 |     7 ||   603
       Deflected         |       |       |       |    12 |       ||    12
Block: Buckler           |       |    21 |    65 |    93 |    13 ||   192
       Rpst.: Eudemon blade |       |       |    48 |    79 |       ||   127
